 Dungeon Crawl Stone Soup version 0.31-a0-246-g8cbcc1cb85 (webtiles) character file.

Game seed: 9883252469322304721

108 qw the Shooter (level 4, -1/26 HPs)
             Began as a Gargoyle Hexslinger on July 12, 2023.
             Slain by Grinder (7 damage)
             ... on level 3 of the Dungeon.
             The game lasted 00:00:52 (1808 turns).

qw the Shooter (Gargoyle Hexslinger)                Turns: 1808, Time: 00:00:52

Health: -1/26      AC:  9    Str: 12    XL:     4   Next: 87%
Magic:  5/5        EV: 10    Int: 13    God:
Gold:   93         SH:  0    Dex: 14    Spells: 4/5 levels left

rFire   . . .        Y - +1 sling
rCold   . . .        (no shield)
rNeg    + . .        d - +0 ring mail
rPois   inf          (no helmet)
rElec   +            h - scarf {repulsion}
rCorr   .            (no gloves)
SInv    .            c - +0 pair of boots
Will    .....        (no amulet)
Stlth   +            (no ring)
HPRegen 0.24/turn    (no ring)
MPRegen 0.09/turn

%: repel missiles
@: no status effects
A: sickness immunity, AC +3, negative energy resistance 1, electricity
resistance, torment resistance 1, petrification resistance
a: no special abilities


You were on level 3 of the Dungeon.
You visited 1 branch of the dungeon, and saw 3 of its levels.

You collected 93 gold pieces.


Innate Abilities, Weirdness & Mutations

You are immune to sickness and miasma.
Your stone body is resilient. (AC +3)
You are immune to poison.
You resist negative energy. (rN+)
You are resistant to electric shocks. (rElec)
You are resistant to unholy torment.
You are immune to petrification.


   Skills:
 - Level 2.0 Fighting
 + Level 4.4 Ranged Weapons
 - Level 1.0 Armour
 - Level 1.5 Dodging
 - Level 1.0 Spellcasting
 - Level 2.6 Hexes


You had 4 spell levels left.
You knew the following spells:

 Your Spells              Type           Power      Damage    Failure   Level
a - Slow                  Hex            28%        N/A       22%         1

Your spell library contained the following spells:

 Spells                   Type           Power      Damage    Failure   Level
 Inner Flame              Hex/Fire       4%         N/A       73%         3
 Portal Projectile        Hex/Tloc       8%         N/A       73%         3
 Cause Fear               Hex            3%         N/A       91%         4

Inventory:

Hand Weapons
 Y - a +1 sling (weapon)
Armour
 c - a +0 pair of boots (worn)
 d - a +0 ring mail (worn)
 h - a scarf of repulsion (worn)
 j - a +0 pair of gloves
Scrolls
 a - 2 scrolls of identify
 g - 2 scrolls of noise {unknown}
Potions
 b - a potion of brilliance {unknown}
 e - a potion of experience {unknown}
 f - a potion of mutation {unknown}
 i - a potion of magic {unknown}
 k - a potion of heal wounds {unknown}
 l - a potion of ambrosia {unknown}

Dungeon Overview and Level Annotations

Branches:
Dungeon (3/15)

Altars:
Dithmenos

Annotations:
D:3 Grinder


Message History

Grinder is moderately wounded.
Grinder gestures at you.
You suddenly lose the ability to move!
You can move again.
You shoot a sling bullet.
The sling bullet closely misses Grinder.
Grinder gestures at you.
You shrug off the repeated paralysis!
You shoot a sling bullet.
The sling bullet closely misses Grinder.
Grinder hits you.
You writhe in agony.
Grinder hits you.
You shoot a sling bullet.
The sling bullet closely misses Grinder.
Grinder hits you but does no damage.
You shoot a sling bullet.
The sling bullet closely misses Grinder.
Grinder gestures at you.
You suddenly lose the ability to move!
Grinder says, "Wait up."
Grinder hits you. Grinder gestures at you.
You barely resist. Grinder hits you.
You writhe in agony.
Grinder hits you.
You can move again.
You shoot a sling bullet. The sling bullet barely misses Grinder.
Grinder barely misses you. Grinder gestures at you.
You resist with significant effort.
You shoot a sling bullet.
The sling bullet closely misses Grinder.
Grinder hits you but does no damage.
You shoot a sling bullet.
The sling bullet closely misses Grinder.
Grinder gestures at you. You resist with significant effort.
You shoot a sling bullet. The sling bullet hits Grinder.
Grinder is moderately wounded.
Grinder hits you!
You die...

#...............########.
#........................
.#
#...............#######..
.. #...............# #<.
#. #.............## #..
#. ##.........(.## #..
#.## ######.###### ##.
..# #.# #######.
###.####### #@# ........
....)............5......
######.#
.##.############.#######
#.# .##..## #.# ###.#
.###..# #.. #.)..
....#.######## ##.
####.##. ###........... .
#....... ###.######## .#
####....... #..#
...........


You could see Grinder.

Vanquished Creatures
  A gnoll (D:1)
  6 adders
  A worm (D:2)
  A dart slug (D:2)
  An orc (D:3)
  A bat (D:1)
  4 endoplasms
  2 goblins (D:1)
  5 hobgoblins
  2 jackals (D:1)
  7 kobolds
  A quokka (D:1)
  3 ball pythons
  2 frilled lizards
  7 rats
44 creatures vanquished.

Notes
Turn   | Place    | Note
-------+----------+-------------------------------------------
     0 | D:1      | qw the Gargoyle Hexslinger began the quest for the Orb.
     0 | D:1      | Reached XP level 1. HP: 12/12 MP: 2/2
     0 | D:1      | 0 ||| qw: Version: 0.3-a-52-g30416fa
     0 | D:1      | 0 ||| qw: Game counter: 6356
     0 | D:1      | 0 ||| qw: Melee chars always use a shield: true
     0 | D:1      | 0 ||| qw: God list: Okawaru
     0 | D:1      | 0 ||| qw: Allow faded altars: false
     0 | D:1      | 0 ||| qw: Do Orc after clearing Dungeon:15 true
     0 | D:1      | 0 ||| qw: Do second Lair branch before Depths: true
     0 | D:1      | 0 ||| qw: Lair rune preference: random
     0 | D:1      | 0 ||| qw: Goals: Normal
     0 | D:1      | 0 ||| PLANNING D:1-11
   146 | D:1      | 146 ||| FLEEEEING.
   148 | D:1      | 148 ||| FLEEEEING.
   149 | D:1      | 149 ||| FLEEEEING.
   150 | D:1      | 150 ||| FLEEEEING.
   151 | D:1      | 151 ||| FLEEEEING.
   152 | D:1      | 152 ||| FLEEEEING.
   153 | D:1      | 153 ||| FLEEEEING.
   154 | D:1      | 154 ||| FLEEEEING.
   155 | D:1      | 155 ||| FLEEEEING.
   156 | D:1      | 156 ||| FLEEEEING.
   254 | D:1      | Reached skill level 3 in Ranged Weapons
   254 | D:1      | Reached XP level 2. HP: 16/16 MP: 3/3
   623 | D:1      | Reached XP level 3. HP: 21/21 MP: 4/4
   744 | D:1      | 744 ||| UPGRADING to +0 ring mail.
   754 | D:1      | 754 ||| DROPPING +0 robe.
   755 | D:1      | 755 ||| DROPPING scroll of poison.
   791 | D:2      | 791 ||| STAIRDANCE
  1037 | D:2      | Found a faded altar of an unknown god.
  1157 | D:2      | Reached XP level 4. HP: 26/26 MP: 5/5
  1311 | D:2      | Reached skill level 4 in Ranged Weapons
  1426 | D:2      | You fall into a shaft and drop 1 floor!
  1434 | D:3      | 1434 ||| UPGRADING to +0 pair of boots.
  1439 | D:3      | 1439 ||| UPGRADING to scarf of repulsion.
  1444 | D:3      | 1444 ||| READING 2 scrolls labelled CESOSU NACOOW.
  1445 | D:3      | 1445 ||| READING scroll labelled QUOMNA HUXTULE.
  1459 | D:3      | Reached skill level 1 in Armour
  1510 | D:3      | 1510 ||| STAIRDANCE
  1646 | D:3      | Found a shadowy altar of Dithmenos.
  1791 | D:3      | Noticed Grinder
  1795 | D:3      | Paralysed by Grinder for 2 turns
  1800 | D:3      | Paralysed by Grinder for 5 turns
  1804 | D:3      | HP: 5/26 [Grinder (6)]
  1808 | D:3      | Slain by Grinder

Levels and vault maps discovered:
D:1:      psy_arrival_fountain, layout_loops_ring, minivault_11
D:2:      layout_loops_ring, hellmonk_ecumenical_altar_leap_of_faith
D:3:      layout_rooms, mainiacjoe_overflow_swirl, uniq_grinder

Skill      XL: |  1  2  3  4 |
---------------+-------------+-----
Ranged Weapons | 3 4 |  4.4
Fighting       | 2 |  2.0
Armour         | 1 |  1.0
Dodging        | |  1.5
Spellcasting   | |  1.0
Hexes          | |  2.6

Action                     |  1- 3 |  4- 6 || total
---------------------------+-------+-------++-------
   Fire: Sling             |   126 |    88 ||   214
    Use: Scroll            |       |     2 ||     2
 Armour: Robe              |    15 |       ||    15
         Ring mail         |    17 |    19 ||    36
  Dodge: Dodged            |    46 |    30 ||    76

Table legend:
 A = Non-vault XP
 B = Vault XP
 C = Vault XP percentage of total XP
 D = Non-vault monster count
 E = Vault monster count
 F = Vault count percentage of total count
                 A         B        C        D         E       F
            +---------+---------+-------+---------+---------+-------
      Total |     155 |       0 |   0.0 |      44 |       0 |   0.0
            +---------+---------+-------+---------+---------+-------
        D:1 |      37 |       0 |   0.0 |      16 |       0 |   0.0
        D:2 |      71 |       0 |   0.0 |      20 |       0 |   0.0
        D:3 |      47 |       0 |   0.0 |       8 |       0 |   0.0
            +---------+---------+-------+---------+---------+-------
